 Dungeon Crawl Stone Soup version 0.30.1-11-g7821555f0a (webtiles) character file.

Game seed: 5446700497981072158

1 comborobin the Sneak (level 1, -6/14 HPs)
             Began as a Kobold Delver on Nov 16, 2023.
             Mangled by Sigmund
             ... wielding a +4 scythe
              (12 damage)
             ... on level 3 of the Dungeon.
             The game lasted 00:00:49 (95 turns).

comborobin the Sneak (Kobold Delver)                  Turns: 95, Time: 00:00:49

Health: -6/14      AC:  3    Str:  9    XL:     1   Next: 22%
Magic:  1/1        EV: 14    Int: 11    God:
Gold:   31         SH:  0    Dex: 16    Spells: 0/0 levels left

rFire   . . .        h - +1 short sword (vamp)
rCold   . . .        (no shield)
rNeg    . . .        b - +0 leather armour
rPois   .            (no helmet)
rElec   .            (no cloak)
rCorr   .            (no gloves)
SInv    .            (no boots)
Will    .....        (no amulet)
Stlth   ++++         (no ring)
HPRegen 0.22/turn    (no ring)
MPRegen 0.07/turn

%: no passive effects
@: no status effects
A: small, no large weapons, nightstalker 3
a: no special abilities


You were on level 3 of the Dungeon.
You visited 1 branch of the dungeon, and saw 3 of its levels.

You collected 31 gold pieces.

Inventory:

Hand Weapons
 a - a +0 short sword
 d - a +0 long sword of protection
 h - a +1 vampiric short sword (weapon)
Armour
 b - a +0 leather armour (worn)
Wands
 g - a wand of digging (3)
Scrolls
 c - a scroll of fog
 e - a scroll of fear
Potions
 f - a potion of haste


   Skills:
 - Level 3.2 Fighting
 + Level 2.9 Short Blades
 - Level 2.4 Dodging
 - Level 6.6 Stealth


You couldn't memorise any spells.
You didn't know any spells.
Your spell library was empty.

Dungeon Overview and Level Annotations

Branches:
Dungeon (5/15)
 Temple: D:4-7

Altars:

Annotations:
D:3 Sigmund


Innate Abilities, Weirdness & Mutations

You are small and have problems with some larger weapons.
You are completely attuned to the shadows.


Message History

You now have 19 gold pieces.
Found a stone staircase leading up.
Unknown command.
Found a glowing long sword.
You see here a +0 long sword of protection.
d - a +0 long sword of protection
There is a stone staircase leading up here.
You climb upwards.
Found 12 gold pieces.
There is a stone staircase leading down here.
You now have 31 gold pieces (gained 12).
Found an escape hatch in the floor.
There is an escape hatch in the floor here.
A giant cockroach comes into view.
A giant cockroach is nearby!
The helpless giant cockroach fails to defend itself.
You impale the giant cockroach!!
You kill the giant cockroach!
You see here a giant cockroach corpse.
Sigmund the Dreaded comes into view.
He is wielding a +4 scythe and carrying a wand of digging (3).
Found a stone staircase leading down.
Sigmund is nearby!
Found 8 gold pieces.
The helpless Sigmund fails to defend himself.
You impale Sigmund!!
Sigmund is almost dead.
Sigmund closely misses you.
You hit Sigmund but do no damage.
Sigmund is almost dead.
Sigmund gestures at you while chanting. The magic dart hits you!
Ouch! That really hurt!
You hit Sigmund but do no damage.
Sigmund is almost dead.
Okay, then.
You hit Sigmund but do no damage.
Sigmund is almost dead.
Sigmund hits you with a +4 scythe!
Ouch! That really hurt!
You die...

#$ #. ####.##
>....@#
......@#
........#
.........###
#.........$.
#........###
#.........#
#.........###
####.##†#...#
#.##.###.##


You could see Sigmund.

Vanquished Creatures
  A giant cockroach (D:3)
1 creature vanquished.

Notes
Turn   | Place    | Note
-------+----------+-------------------------------------------
     0 | D:5      | comborobin the Kobold Delver began the quest for the Orb.
     0 | D:5      | Reached XP level 1. HP: 14/14 MP: 1/1
    88 | D:3      | Noticed Sigmund
    95 | D:3      | Mangled by Sigmund

Illustrated notes

Levels and vault maps discovered:
D:3:      layout_rooms, vehumet_altar_wand_db,
          mainiacjoe_overflow_six_doors_small, mainiacjoe_overflow_paths,
          uniq_grinder, uniq_natasha, uniq_sigmund
D:4:      layout_basic, nemelex_diamond_rough_becter, minivault_26,
          uniq_crazy_yiuf_cottage, uniq_menkaure
D:5:      layout_basic, kennysheep_mini, kennysheep_slug_shrine, serial_shops,
          shop_statue, portal_sewer_entry_b, minmay_hedge_maze

Action                     || total
---------------------------++-------
  Melee: Short sword       ||     5
    Use: Scroll            ||     1
   Stab: Sleeping          ||     2
  Dodge: Dodged            ||     1
